 Dungeon Crawl Stone Soup version 0.30-a0-528-g8c47a4955b (webtiles) character file.

Game seed: 5354778468895447054

17 kae the Insei (level 2, 3/31 HPs)
             Began as a Demonspawn Transmuter on Dec 23, 2022.
             Quit the game on level 1 of the Dungeon.
             The game lasted 00:00:31 (390 turns).

kae the Insei (Demonspawn Transmuter)                Turns: 390, Time: 00:00:31

Health: 3/31       AC: 21    Str: 10    XL:     2   Next: 44%
Magic:  4/5        EV:  2    Int: 14    God:
Gold:   39         SH:  0    Dex: 13    Spells: 2/5 levels left

rFire   . . .      SeeInvis .      - Unarmed
rCold   . . .      Faith    .    (no shield)
rNeg    . . .      Spirit   .    (body armour currently unavailable)
rPois   +          Reflect  .    (helmet currently unavailable)
rElec   .          Harm     .    (cloak currently unavailable)
rCorr   .          Rampage  .    (gloves currently unavailable)
Will    .....      NoTele   +    (boots currently unavailable)
Stlth   +                        (no amulet)
HPRegen 0.25/turn                (no ring)
MPRegen 0.09/turn                (no ring)

@: lethally poisoned (3 -> -6), tree-form
A: stationary, stasis, torment immunity, boosted hp, (claws 1)
a: no special abilities


You were on level 1 of the Dungeon.
You were a tree.
You visited 1 branch of the dungeon, and saw 1 of its levels.

You collected 39 gold pieces.


Innate Abilities, Weirdness & Mutations

You are a tree.
Your roots penetrate the ground, keeping you stationary.
You cannot be teleported.
You are immune to unholy pain and torment.
Your maximum health is greatly increased.
Your equipment is partially melded.
((You have sharp fingernails.))


   Skills:
 - Level 1.0 Fighting
 - Level 1.7 Dodging
 + Level 2.9 Unarmed Combat
 + Level 2.2 Spellcasting
 * Level 2.3 Transmutations


You had 2 spell levels left.
You knew the following spells:

 Your Spells              Type           Power      Damage    Failure   Level
a - Beastly Appendage     Tmut           16%        N/A       9%          1
b - Wereblood             Tmut           8%         N/A       13%         2

Your spell library contained the following spells:

 Spells                   Type           Power      Damage    Failure   Level
 Spider Form              Tmut/Pois      4%         N/A       41%         3
 Ice Form                 Ice/Tmut       4%         N/A       82%         4

Inventory:

Armour
 a - a +0 robe (melded)
Scrolls
 c - 2 scrolls of identify {unknown}
 d - a scroll of blinking {unknown}
 e - a scroll of enchant weapon {unknown}

Dungeon Overview and Level Annotations

Branches:
Dungeon (1/15) Zot: 5611

Altars:

####
#...............
##
#........#.#####
.# #.†......#.# .#
##.......#.# .#
#.........# .#
#####.>..[....# .#
#.............# .#
#.######....#.# )#
#.# #...♣#... .#
#.# #...)##### ##
#†# ##.#.# #.####
#.#.# #### #....#
#.#?# ..†# ####.#
# #.#
##.######.####.#.#
##...............#
#..............##


There were no monsters in sight!


Message History

No target in view!
A rat comes into view.
Unknown command.
A rat is nearby!
A rat is nearby!
Casting: Beastly Appendage (safe; 9% risk of failure)
Confirm with . or Enter, or press ? or * to list all spells.
You grow a pair of large bovine horns.
Your feet morph into talons. 😎 MP[-1]
You lost 1 mp, and now have 4/5 mp.
Your transformation is almost over.
You closely miss the rat. Your kick misses the rat.
The rat bites you but does no damage.
You closely miss the rat. You claw the rat, but do no damage.
Your headbutt misses the rat. The rat bites you but does no damage.
You scratch the rat.
You kill the rat!
Your horns disappear.
Your talons disappear.
e - a scroll labelled PIATOA POTSOSO 😎 MP[+1]
Your mp is fully restored (5).
No target in view!
No target in view!
A rat comes into view.
A rat is nearby!
A rat is nearby!
A rat is nearby!
Casting: Beastly Appendage (safe; 9% risk of failure)
Confirm with . or Enter, or press ? or * to list all spells.
You grow a pair of large bovine horns.
Your feet morph into talons.
The rat bites you but does no damage. The rat bites you. 😕 HP[-1] MP[-1]
You take 1 damage, and now have 20/21 hp.
You lost 1 mp, and now have 4/5 mp.
You claw the rat!
You kill the rat!
No target in view!
Your transformation is almost over.
c - 2 scrolls labelled NURONA YROQU (gained 1)
A kobold comes into view. It is wielding a +1 dagger of venom.
The kobold shouts! 😎 HP[+1] MP[+1]
Your hp is fully restored (21).
Your mp is fully restored (5).
A kobold is nearby!
A kobold is nearby!
Unknown command.
A kobold is nearby!
A kobold is nearby!
Casting: Beastly Appendage (safe; 9% risk of failure)
Confirm with . or Enter, or press ? or * to list all spells.
You extend your transformation's duration.
The kobold closely misses you. 😎 MP[-1]
You lost 1 mp, and now have 4/5 mp.
You scratch the kobold but do no damage.
The kobold hits you with a +1 dagger of venom.
You are poisoned.
You scratch the kobold.
You feel very sick.
The kobold hits you with a +1 dagger of venom.
You are lethally poisoned! 😮 HP[-9]
You take 9 damage, and now have 12/21 hp.
MASSIVE DAMAGE!! (PAUSE)
You closely miss the kobold. Your kick misses the kobold.
* * * LOW HITPOINT WARNING * * *
You feel very sick.
The kobold hits you with a +1 dagger of venom.
* * * LOW HITPOINT WARNING * * *
Unknown command. 😨 HP[-6]
You take 6 damage, and now have 6/21 hp.
MASSIVE DAMAGE!! (PAUSE) Really quaff
b - a potion of lignification {!q}?
Really quaff the potion of lignification?
Your horns disappear.
Your talons disappear.
You turn into a tree.
Your +0 robe melds into your body.
Your roots penetrate the ground.
* * * LOW HITPOINT WARNING * * *
You feel very sick. The kobold hits you but does no damage.
You now have 31 max hp (+10).
You smack the kobold!
You kill the kobold!
* * * LOW HITPOINT WARNING * * *
You feel very sick. 😱 HP[-3]
You take 3 damage, and now have 3/31 hp.
You cannot move.
Unknown command.
You cannot move.
There is a lethal amount of poison in your body!
There is a lethal amount of poison in your body!
There is a lethal amount of poison in your body!
Unknown command.
You aren't carrying any potions.
Unknown command.
Okay, then.
Are you sure you want to abandon this character and quit the game? (Confirm with "yes".)

Skill      XL: |  1 |
---------------+----+-----
Transmutations | 2 |  2.3
Fighting       | |  1.0
Dodging        | |  1.7
Unarmed Combat | |  2.9
Spellcasting   | |  2.2

Action                   || total
-------------------------++-------
Melee: Unarmed           ||    31
       Kick              ||     3
       Headbutt          ||     3
 Cast: Beastly Appendage ||     9
  Use: Potion            ||     1
 Stab: Sleeping          ||     1
Armor: Robe              ||     7
       Skin              ||     1
Dodge: Dodged            ||    10

Levels and vault maps discovered:
D:1:      saegor_arrival_simple_e, layout_loops_ring

Notes
Turn   | Place    | Note
-------+----------+-------------------------------------------
     0 | D:1      | kae the Demonspawn Transmuter began the quest for the Orb.
     0 | D:1      | Reached XP level 1. HP: 15/15 MP: 3/3
     0 | D:1      | magus.rc [v1.11.3]
   162 | D:1      | Reached skill level 2 in Transmutations
   264 | D:1      | Gained mutation: You have sharp fingernails. [demonic
                  | ancestry]
   264 | D:1      | Reached XP level 2. HP: 19/21 MP: 3/5
   269 | D:1      | Learned a level 2 spell: Wereblood
   388 | D:1      | HP: 6/31 [poisoned by a kobold]
   390 | D:1      | Quit the game

Vanquished Creatures
  A dart slug (D:1)
  An endoplasm (D:1)
  4 goblins (D:1)
  A hobgoblin (D:1)
  A quokka (D:1)
  A ball python (D:1)
  3 kobolds (D:1)
  2 rats (D:1)
14 creatures vanquished.

Table legend:
 A = Non-vault XP
 B = Vault XP
 C = Vault XP percentage of total XP
 D = Non-vault monster count
 E = Vault monster count
 F = Vault count percentage of total count
                 A         B        C        D         E       F
            +---------+---------+-------+---------+---------+-------
      Total |      25 |       0 |   0.0 |      14 |       0 |   0.0
            +---------+---------+-------+---------+---------+-------
        D:1 |      25 |       0 |   0.0 |      14 |       0 |   0.0
            +---------+---------+-------+---------+---------+-------

Illustrated notes

Table legend:
 A = Kills in this place as a percentage of kills in entire the game.
 B = Kills by you in this place as a percentage of kills by you in the entire game.
 C = Kills by friends in this place as a percentage of kills by friends in the entire game.
 D = Other kills in this place as a percentage of other kills in the entire game.
 E = Experience gained in this place as a percentage of experience gained in the entire game.
 F = Experience gained in this place divided by the number of levels of this place that you have seen.
                   A       B       C       D       E      F
               +-------+-------+-------+-------+-------+----------------------
         Total | 100.0 | 100.0 |   N/A |   N/A | 100.0 |  25.0
       Dungeon | 100.0 | 100.0 |   N/A |   N/A | 100.0 |  25.0
               +-------+-------+-------+-------+-------+----------------------

Table legend: (Time is in decaauts)
 A = Elapsed time spent in this place.
 B = Non-inter-level travel time spent in this place.
 C = Inter-level travel time spent in this place.
 D = Time resting spent in this place.
 E = Time spent auto-exploring this place.
 F = Levels seen in this place.
 G = Mean time per level.
                   A        B        C        D        E       F      G
               +--------+--------+--------+--------+--------+-----+--------+
         Total |    388 |    388 |      0 |      0 |    296 |   1 |  388.0 |
       Dungeon |    388 |    388 |      0 |      0 |    296 |   1 |  388.0 |
               +--------+--------+--------+--------+--------+-----+--------+

Top non-repeatable levels by time:
     D:1: 388 daAuts
